 Dungeon Crawl Stone Soup version 0.31-a0-841-g038b102fc3 (webtiles) character file.

Game seed: 14362379548439964181

137974 Dirtsage the Severer (level 16, -60/139 HPs)
             Began as a Demonspawn Berserker on Sept 26, 2023.
             Was a High Priest of Trog.
             Killed from afar by Jorgrun (63 damage)
             ... with an iron shot
             ... on level 1 of the Spider Nest on Sept 27, 2023.
             The game lasted 00:58:46 (22551 turns).

Dirtsage the Severer (Demonspawn Berserker)        Turns: 22551, Time: 00:58:47

Health: -60/139    AC:  7    Str: 24    XL:     16   Next: 40%
Magic:  16/16      EV: 21    Int: 13    God:    Trog [*****.]
Gold:   1121       SH:  0    Dex: 13    Spells: 15/15 levels left

rFire   + . .        z - +9 broad axe (heavy)
rCold   + + .        T - +1 kite shield {AC+3}
rNeg    . . .        G - +0 swamp dragon scales
rPois   +            J - +2 helmet {SInv}
rElec   .            Y - +1 cloak of Deigimuo {Int+3}
rCorr   .            (gloves unavailable)
SInv    +            j - +0 pair of boots
Will    +....        P - amulet of Abstinence {rF+ Regen+ Stlth+}
Stlth   +            X - ring of flight
HPRegen 1.23/turn    b - ring "Utsomos" {rC++ EV+5}
MPRegen 0.15/turn

%: no passive effects
@: confused, corroded, on berserk cooldown, flying, slowed, very slow
A: claws 3, repulsion field 2, ignite blood 1, corrupting presence 1
}: 1/15 runes: decaying
a: Renounce Religion, Berserk, Trog's Hand, Brothers in Arms


You were on level 1 of the Spider Nest.
You worshipped Trog.
Trog was extremely pleased with you.
You visited 6 branches of the dungeon, and saw 24 of its levels.
You also visited: Bailey and Gauntlet.

You collected 2808 gold pieces.
You spent 1687 gold pieces at shops.

Inventory:

Hand Weapons
 z - a +9 heavy broad axe (weapon)
Missiles
 f - a throwing net
 O - 3 curare-tipped darts
Armour
 j - a +0 pair of boots (worn)
 y - a +2 plate armour of fire resistance
 G - +0 swamp dragon scales (worn)
 J - a +2 helmet of see invisible (worn)
 T - a +1 kite shield of protection (worn)
 Y - the +1 cloak of Deigimuo (worn) {Int+3}
   (You found it in a Gauntlet)

   Int+3:     It affects your intelligence (+3).
Jewellery
 b - the ring "Utsomos" (right claw) {rC++ EV+5}
   (You found it on level 3 of the Lair of Beasts)

   [ring of evasion]

   EV+5:      It affects your evasion (+5).
   rC++:      It greatly protects you from cold.
 h - an amulet of reflection
 C - a ring of resist corrosion
 I - a ring of protection from cold
 N - a ring of positive energy
 P - the amulet of Abstinence (around neck) {rF+ Regen+ Stlth+}
   (You found it in a Gauntlet)

   [amulet of regeneration]

   rF+:       It protects you from fire.
   Regen+:    It increases your rate of health regeneration.
   Stlth+:    It makes you more stealthy.
 S - a ring of see invisible
 X - a ring of flight (left claw)
 Z - the ring of the Genius {rElec rF+ Int+3}
   (You bought it in a shop on level 2 of the Orcish Mines)

   [ring of protection from fire]

   Int+3:     It affects your intelligence (+3).
   rF+:       It protects you from fire.
   rElec:     It insulates you from electricity.
Talismans
 a - a granite talisman
Wands
 o - a wand of acid (14)
 u - a wand of mindburst (3)
 A - a wand of paralysis (30)
 D - a wand of digging (8)
 E - a wand of flame (69)
 K - a wand of iceblast (19)
Scrolls
 c - 4 scrolls of fog
 g - 5 scrolls of fear
 i - a scroll of identify
 n - 3 scrolls of summoning
 p - 5 scrolls of revelation
 r - a scroll of poison
 t - 7 scrolls of teleportation
 v - 3 scrolls of enchant armour
 w - 2 scrolls of immolation
 x - a scroll of torment {unknown}
 L - a scroll of vulnerability {unknown}
 V - 5 scrolls of noise
 W - a scroll of blinking {unknown}
Potions
 d - 5 potions of might
 e - a potion of magic {unknown}
 k - 4 potions of attraction {unknown}
 l - 5 potions of heal wounds
 m - 2 potions of haste {unknown}
 q - 2 potions of curing
 s - 5 potions of brilliance
 B - 2 potions of invisibility {unknown}
 F - 4 potions of ambrosia {unknown}
 H - 2 potions of mutation {unknown}
 M - 2 potions of cancellation {unknown}
 R - a potion of resistance {unknown}
 U - 2 potions of berserk rage {unknown}


   Skills:
 + Level 16.3 Fighting
 * Level 16.8 Axes
 - Level 7.1 Armour
 - Level 7.1 Dodging
 + Level 11.4 Shields
 - Level 7.2 Evocations
 * Level 8.5 Shapeshifting


You had 15 spell levels left.
You didn't know any spells.
Your spell library contained the following spells:

 Spells                   Type           Power      Damage    Failure   Level
 Kiss of Death            Conj/Necr      0%         2d5       58%         1
 Blink                    Tloc           0%         N/A       75%         2
 Ensorcelled Hibernation  Hex/Ice        0%         N/A       75%         2
 Lesser Beckoning         Tloc           0%         N/A       75%         2
 Momentum Strike          Conj/Tloc      0%         3d8       75%         2
 Passwall                 Tmut/Erth      0%         N/A       75%         2
 Poisonous Vapours        Pois/Air       0%         N/A       75%         2
 Confusing Touch          Hex            0%         N/A       92%         3
 Dazzling Flash           Conj/Hex       0%         N/A       92%         3
 Gell's Gravitas          Tloc           0%         N/A       92%         3
 Ignite Poison            Fire/Tmut/Pois 0%         N/A       92%         3
 Inner Flame              Hex/Fire       0%         N/A       92%         3
 Mephitic Cloud           Conj/Pois/Air  0%         N/A       92%         3
 Teleport Other           Tloc           0%         N/A       92%         3
 Volatile Blastmotes      Fire/Tloc      0%         2d10      92%         3
 Animate Armour           Summ/Erth      0%         N/A       100%        4
 Animate Dead             Necr           0%         N/A       100%        4
 Dispel Undead            Necr           0%         3d6       100%        4
 Fulminant Prism          Conj/Hex       0%         3d5       100%        4
 Iskenderun's Mystic Bla  Conj/Tloc      0%         2d3       100%        4
 Leda's Liquefaction      Hex/Erth       0%         N/A       100%        4
 Summon Lightning Spire   Summ/Air       0%         N/A       100%        4
 Borgnjor's Vile Clutch   Necr/Erth      0%         N/A       100%        5
 Freezing Cloud           Conj/Ice/Air   0%         6-21      100%        5
 Irradiate                Conj/Tmut      0%         3d11      100%        5
 Lee's Rapid Deconstruct  Erth           0%         3d4*      100%        5
 Metabolic Englaciation   Hex/Ice        0%         N/A       100%        5
 Bombard                  Conj/Erth      0%         9d1       100%        6
 Death Channel            Necr           0%         N/A       100%        6
 Starburst                Conj/Fire      0%         6d3       100%        6
 Malign Gateway           Summ/Tloc      0%         N/A       100%        7
 Maxwell's Capacitive Co  Air            0%         ∞         100%        8


Dungeon Overview and Level Annotations

Branches:
Dungeon (11/15)            Temple (1/1) D:4            Lair (5/5) D:10
  Swamp (4/4) Lair:3       Spider (1/4) Lair:2        Slime (0/5) Lair:4
    Orc (2/2) D:9             Elf (0/3) Orc:2        Bailey (visited)
Gauntlet (visited)

Altars:
Ashenzari
Cheibriados
Dithmenos
Fedhas
Gozag
Hepliaklqana
Kikubaaqudgha
Makhleb
Nemelex Xobeh
Okawaru
Qazlal
Ru
Sif Muna
Trog
Uskayaw
Vehumet
Wu Jian
Xom
Yredelemnul

Shops:
Orc:2 ?=(:

Annotations:
Spider:1 Jorgrun


Innate Abilities, Weirdness & Mutations

You have claws for hands.
You are surrounded by a moderate repulsion field. (EV +3)
Your demonic aura sometimes causes spilled blood to erupt in flames.
Your presence sometimes corrodes those you injure.


Message History

* * * LOW HITPOINT WARNING * * *
The entropy weaver hits you.
* * * LOW HITPOINT WARNING * * *
The entropy weaver hits you!
* * * LOW HITPOINT WARNING * * *
The entropy weaver hits you but does no damage.
The tarantella touches you!
* * * LOW HITPOINT WARNING * * *
Jorgrun hits you with a +0 heavy quarterstaff!
* * * LOW HITPOINT WARNING * * *
You turn to flesh and can move again.
You take 178 damage, and have 8/208 hp.
MASSIVE DAMAGE!!
Unknown command.
Unknown command.
Unknown command.
Unknown command.
You are too berserk!
The web tears apart.
The redback completely misses you. The tarantella barely misses you.
The redback bites you but does no damage.
The jumping spider pounces on you.
* * * LOW HITPOINT WARNING * * *
You are caught in a web!
The jumping spider closely misses you. The entropy weaver barely misses you.
The entropy weaver completely misses you.
The entropy weaver misses you. The entropy weaver closely misses you.
The tarantella closely misses you.
You take 5 damage, and have 3/208 hp.
The web tears apart.
You feel a strong urge to attack something.
You are no longer berserk.
You are exhausted.
You feel yourself slow down. The redback completely misses you.
The tarantella misses you. The redback misses you.
The jumping spider misses you.
The jumping spider completely misses you.
The tarantella completely misses you. Jorgrun gestures at you while chanting.
The iron shot hits you!!!
You die...

# #.> # ..
.#^.####. .
.......# .##
....#.# ..#
#....#..##
#..B#..^#
#gBs.##
#@s..#
#..sss###
...........
.##.)#.###..#
#...## ....
##. .... #
.## ##


You could see Jorgrun, an entropy weaver, a pharaoh ant, a jumping spider, 2
tarantellas and 2 redbacks.

Vanquished Creatures
  Aizul (Swamp:1)
  2 thorn hunters (Swamp:4)
  An orc warlord (Orc:2)
  3 ghouls (Swamp:1)
  4 eleionomae
  The ghost of NigelTetley the Severer, a journeyman DgFi (Lair:5)
  A minotaur (Gauntlet)
  7 bunyips
  2 shambling mangroves (Swamp:4)
  2 ghost crabs
  23 hydras
  14 alligators
  A catoblepas (Lair:3)
  3 two-headed ogres
  A boulder beetle (D:8)
  4 death yaks
  2 demonic crawlers (Spider:1)
  6 orc high priests
  Sonja (Lair:1)
  5 spriggans
  The ghost of WhatIsLove the Cleaver, a novice HOMo of Beogh (D:8)
  Amaemon (Lair:1)
  5 goliath frogs
  An orange crystal statue (Gauntlet)
  A pharaoh ant (Spider:1)
  4 spriggan druids (Swamp:3)
  9 bog bodies
  8 swamp dragons
  Pikel (D:6)
  5 orc knights (Orc:2)
  6 orc sorcerers
  An oklob plant (Lair:2)
  2 will-o-the-wisps (Swamp:1)
  A cyclops (D:11)
  6 black mambas
  3 elephants (Lair:3)
  3 torpor snails
  14 cane toads
  7 spectral spriggans (Swamp:1)
  The ghost of makewrite the Poker, a novice MiGl (D:4)
  Maggie (D:7)
  Joseph (D:7)
  11 komodo dragons
  An orange demon (Lair:1)
  3 rime drakes
  A kobold demonologist (Bailey)
  4 polar bears
  6 tyrant leeches
  2 trolls
  3 tarantellas (Spider:1)
  10 hornets
  2 raiju (Gauntlet)
  2 dream sheep (Lair:5)
  13 blink frogs
  A spectral black mamba (Lair:5)
  A jumping spider (Lair:2)
  A wraith (D:10)
  3 basilisks
  11 wyverns
  57 yaks
  A death yak simulacrum (Lair:5)
  6 vampire mosquitoes
  Eustachio (D:5)
  A redback (Spider:1)
  14 swamp worms
  4 wargs
  An acid dragon (D:10)
  A hydra simulacrum (Lair:5)
  12 water moccasins
  7 swamp drakes (Swamp:4)
  49 orc warriors
  13 ogres
  4 black bears
  3 centaurs
  2 phantoms
  2 kobold brigands
  19 bullfrogs
  A gnoll sergeant (D:10)
  2 cane toad simulacra (Lair:5)
  2 scorpions
  10 wights
  9 killer bees
  A howler monkey (D:11)
  4 electric eels
  4 hounds
  3 jellies
  A komodo dragon simulacrum (Lair:5)
  20 orc priests
  2 gnoll boudas
  Crazy Yiuf (D:3)
  Ijyb (D:3)
  24 orc wizards
  A sleepcap (D:5)
  3 iguanas
  A lightning spire (Gauntlet)
  14 gnolls
  9 adders
  A shadow imp (D:5)
  2 white imps
  An ufetubus (D:5)
  A worm (D:5)
  2 dart slugs (D:4)
  94 orcs
  8 ball pythons
  6 endoplasms
  15 goblins
  8 hobgoblins
  2 jackals (D:4)
  3 quokkas
  7 bats
  3 frilled lizards
  13 kobolds
  7 rats
724 creatures vanquished.

Vanquished Creatures (collateral kills)
  A hydra (Swamp:1)
  A vampire mosquito (Swamp:1)
  4 orc warriors (Orc:2)
  An ogre (Orc:2)
  4 orc priests (Orc:2)
  6 orcs (Orc:2)
17 creatures vanquished.

Vanquished Creatures (others)
  An eleionoma (Swamp:4)
  5 bloated husks
  An orc (Orc:2)
  10 foxfires (Swamp:1)
  4 spectral weapons (Swamp:1)
21 creatures vanquished.

Grand Total: 762 creatures vanquished

Notes
Turn   | Place    | Note
-------+----------+-------------------------------------------
     0 | D:1      | Dirtsage the Demonspawn Berserker began the quest for the
                  | Orb.
     0 | D:1      | Reached XP level 1. HP: 18/18 MP: 1/1
   208 | D:1      | Gained mutation: You have sharp fingernails. [demonic
                  | ancestry]
   208 | D:1      | Reached XP level 2. HP: 19/24 MP: 2/2
   622 | D:1      | Reached ** piety under Trog
   751 | D:2      | Identified the +2 spear of Sudden Death {speed, Int+3}
   795 | D:2      | Gained mutation: Your demonic aura sometimes causes spilled
                  | blood to erupt in flames. [demonic ancestry]
   795 | D:2      | Reached XP level 3. HP: 29/29 MP: 3/3
  1117 | D:3      | Noticed Ijyb
  1129 | D:3      | Killed Ijyb
  1295 | D:3      | Reached XP level 4. HP: 33/35 MP: 4/4
  1534 | D:3      | Found a runed translucent door.
  1535 | D:3      | Noticed Crazy Yiuf
  1541 | D:3      | Killed Crazy Yiuf
  1542 | D:3      | Reached skill level 5 in Axes
  1933 | D:4      | Found a staircase to the Ecumenical Temple.
  1942 | D:4      | Reached XP level 5. HP: 41/41 MP: 5/5
  1994 | Temple   | Entered the Ecumenical Temple
  2011 | D:4      | Noticed a phantom
  2019 | D:4      | Killed a phantom
  2021 | D:4      | Gained mutation: You have very sharp fingernails. [demonic
                  | ancestry]
  2021 | D:4      | Reached XP level 6. HP: 47/47 MP: 6/6
  2277 | D:4      | Found an ancient bone altar of Kikubaaqudgha.
  2546 | D:4      | Found a large runed translucent door.
  2547 | D:4      | Found a large runed translucent door.
  2548 | D:4      | Noticed makewrite's ghost (novice MiGl)
  2766 | D:4      | Identified the +5 ring mail of Valiance {Will+ Slay+3}
  3115 | D:4      | Killed makewrite's ghost
  3116 | D:4      | Reached XP level 7. HP: 52/52 MP: 7/7
  3367 | D:5      | Entered Level 5 of the Dungeon
  3441 | D:5      | Found a stormy altar of Qazlal.
  3585 | D:5      | Reached XP level 8. HP: 47/58 MP: 8/8
  3778 | D:5      | Found a radiant altar of Vehumet.
  3831 | D:5      | Noticed Eustachio
  3838 | D:5      | Killed Eustachio
  3838 | D:5      | Reached *** piety under Trog
  4231 | D:6      | Found the amulet of Elemental Vulnerability {rPois rF--
                  | rC-- AC+8}
  4668 | D:6      | Reached skill level 10 in Axes
  4695 | D:6      | Noticed Pikel
  4701 | D:6      | Killed Pikel
  5292 | D:7      | Noticed Joseph
  5299 | D:7      | Noticed a hornet
  5307 | D:7      | Killed a hornet
  5308 | D:7      | Reached skill level 1 in Shields
  5308 | D:7      | Gained mutation: You are surrounded by a mild repulsion
                  | field. (EV +2) [demonic ancestry]
  5308 | D:7      | Reached XP level 9. HP: 52/64 MP: 9/9
  5579 | D:7      | Killed Joseph
  5726 | D:7      | Noticed Maggie
  5733 | D:7      | Killed Maggie
  5734 | D:7      | Reached skill level 5 in Fighting
  6183 | D:8      | Noticed WhatIsLove's ghost (novice HOMo)
  6184 | D:8      | Found a runed translucent door.
  6211 | D:8      | Reached **** piety under Trog
  6407 | D:8      | Reached XP level 10. HP: 63/76 MP: 10/10
  6483 | D:8      | Noticed a two-headed ogre
  6484 | D:8      | Noticed a boulder beetle
  6491 | D:8      | Killed a two-headed ogre
  6528 | D:8      | Killed a boulder beetle
  6529 | D:8      | Reached skill level 5 in Shields
  7091 | D:8      | Killed WhatIsLove's ghost
  7297 | D:9      | Found a staircase to the Orcish Mines.
  7548 | D:9      | Found a flagged portal.
  7560 | Bailey   | Entered a bailey
  7660 | Bailey   | Reached ***** piety under Trog
  7803 | Bailey   | Found an iron altar of Okawaru.
  7803 | Bailey   | Noticed an orc high priest
  7813 | Bailey   | Reached XP level 11. HP: 86/86 MP: 11/11
  7815 | Bailey   | Killed an orc high priest
  7861 | Bailey   | Got a black book
  8222 | Bailey   | Acquired a +2 broad axe of venom
  8542 | D:9      | Found a basalt altar of Yredelemnul.
  8546 | D:9      | Found a sacrificial altar of Ru.
  8786 | D:10     | Entered Level 10 of the Dungeon
  8800 | D:10     | Found a staircase to the Lair.
  8814 | D:10     | Saving game... please wait.
  8871 | D:10     | Received a gift from Trog
  9081 | D:10     | Identified the +6 trident of an ice cave {elec, rF- Str+4}
  9909 | D:11     | Noticed a two-headed ogre
  9913 | D:11     | Killed a two-headed ogre
 10051 | D:11     | Noticed a two-headed ogre
 10054 | D:11     | Killed a two-headed ogre
 10434 | Lair:1   | Entered Level 1 of the Lair of Beasts
 10453 | Lair:1   | Reached skill level 10 in Fighting
 10478 | Lair:1   | Reached skill level 1 in Evocations
 10568 | Lair:1   | Reached XP level 12. HP: 91/97 MP: 12/12
 10897 | Lair:1   | Noticed Amaemon
 10897 | Lair:1   | Noticed Sonja
 10906 | Lair:1   | Killed Amaemon
 10912 | Lair:1   | Killed Sonja
 11318 | Lair:2   | Noticed a death yak
 11330 | Lair:2   | Killed a death yak
 11441 | Lair:2   | Found a hole to the Spider Nest.
 11780 | Lair:2   | Noticed a five-headed hydra
 11786 | Lair:2   | Killed an eight-headed hydra
 12324 | Lair:3   | Noticed a four-headed hydra
 12329 | Lair:3   | Killed an eight-headed hydra
 12369 | Lair:3   | Found a gate leading to a gauntlet.
 12419 | Gauntlet | Entered a Gauntlet
 12419 | Gauntlet | Found a transporter.
 12419 | Gauntlet | Found a transporter.
 12419 | Gauntlet | Found a transporter.
 12423 | Gauntlet | Found a transporter.
 12425 | Gauntlet | Found a transporter.
 12434 | Gauntlet | Found a transporter.
 12438 | Gauntlet | Found a transporter.
 12451 | Gauntlet | Found a transporter.
 12457 | Gauntlet | Found a transporter.
 12543 | Gauntlet | Found a transporter.
 12565 | Gauntlet | Found a transporter.
 12573 | Gauntlet | Noticed a minotaur
 12579 | Gauntlet | Found a transporter.
 12637 | Gauntlet | Noticed a catoblepas
 12644 | Gauntlet | Reached skill level 5 in Dodging
 12698 | Gauntlet | Reached skill level 5 in Armour
 12698 | Gauntlet | Gained mutation: You have claws for hands. [demonic
                  | ancestry]
 12698 | Gauntlet | Reached XP level 13. HP: 108/108 MP: 9/13
 12761 | Gauntlet | Identified the amulet of Abstinence {rF+ Regen+ Stlth+}
 12811 | Gauntlet | Identified the +7 long sword of Red Wine {heavy, rElec rN+}
 12811 | Gauntlet | Identified the +8 plate armour of Trumpets {Harm Rampage
                  | rF-}
 12820 | Gauntlet | Killed a minotaur
 12821 | Gauntlet | Reached skill level 5 in Evocations
 12939 | Gauntlet | Identified the +1 cloak of Deigimuo {Int+3}
 12940 | Gauntlet | Got a dog-eared book
 13101 | Lair:3   | Found a staircase to the Swamp.
 13313 | Lair:3   | Identified the ring "Utsomos" {rC++ EV+5}
 13341 | Lair:3   | Received a gift from Trog
 13901 | Lair:4   | You fall into a shaft and drop 1 floor!
 13901 | Lair:5   | Entered Level 5 of the Lair of Beasts
 13961 | Lair:4   | Found a staircase to the Slime Pits.
 14897 | Lair:5   | Reached XP level 14. HP: 119/119 MP: 14/14
 15189 | Lair:5   | Found a runed translucent gate.
 15190 | Lair:5   | Found a runed translucent gate.
 15191 | Lair:5   | Found a runed translucent gate.
 15193 | Lair:5   | Noticed NigelTetley's ghost (journeyman DgFi)
 15226 | Lair:5   | Killed NigelTetley's ghost
 15886 | Orc:1    | Entered Level 1 of the Orcish Mines
 15925 | Orc:1    | Received a gift from Trog
 15973 | Orc:2    | Entered Level 2 of the Orcish Mines
 16615 | Orc:2    | Reached skill level 15 in Axes
 16700 | Orc:2    | Found Efiluo's Magic Scroll Boutique.
 16738 | Orc:2    | Bought a scroll of identify for 32 gold pieces
 16738 | Orc:2    | Bought a scroll of revelation for 120 gold pieces
 16738 | Orc:2    | Bought a scroll of identify for 32 gold pieces
 16747 | Orc:2    | Found Yracios's Jewellery Shop.
 16787 | Orc:2    | Bought a granite talisman for 960 gold pieces
 16787 | Orc:2    | Bought the ring of the Genius {rElec rF+ Int+3} for 543
                  | gold pieces
 17000 | Orc:2    | Reached skill level 1 in Shapeshifting
 17111 | Orc:2    | Noticed an orc warlord
 17125 | Orc:2    | Killed an orc warlord
 17143 | Orc:2    | Found Jauj's Book Boutique.
 17202 | Orc:2    | Received a gift from Trog
 17372 | Orc:2    | Found Nuseb's Antique Weapon Emporium.
 17641 | Orc:2    | Found a staircase to the Elven Halls.
 17698 | Orc:2    | Paralysed by an orc sorcerer for 3 turns
 18437 | Swamp:1  | Entered Level 1 of the Swamp
 18564 | Swamp:1  | Reached skill level 15 in Fighting
 18586 | Swamp:1  | Reached skill level 10 in Shields
 18863 | Swamp:1  | Gained mutation: Your presence sometimes corrodes those you
                  | injure. [demonic ancestry]
 18863 | Swamp:1  | Reached XP level 15. HP: 122/129 MP: 15/15
 19027 | Swamp:1  | Reached skill level 5 in Shapeshifting
 19409 | Swamp:1  | Noticed Aizul
 19428 | Swamp:1  | Killed Aizul
 19429 | Swamp:1  | HP: 8/193 [poisoned by Aizul (bolt of poison)]
 19431 | Swamp:1  | HP: 1/129 [poisoned by Aizul (bolt of poison)]
 19771 | Swamp:2  | Identified the +9 hand axe of Tyniec {vamp, *Slow rC++
                  | rCorr}
 19898 | Swamp:2  | Received a gift from Trog
 20887 | Swamp:4  | Entered Level 4 of the Swamp
 21309 | Swamp:4  | Noticed a thorn hunter
 21321 | Swamp:4  | Killed a thorn hunter
 21439 | Swamp:4  | Gained mutation: You are surrounded by a moderate repulsion
                  | field. (EV +3) [demonic ancestry]
 21439 | Swamp:4  | Reached XP level 16. HP: 117/138 MP: 16/16
 21630 | Swamp:4  | Received a gift from Trog
 21868 | Swamp:4  | Noticed a thorn hunter
 21909 | Swamp:4  | Killed a thorn hunter
 21995 | Swamp:4  | Upgraded the game from 0.31-a0-836-g3ceb0a68c4 to
                  | 0.31-a0-841-g038b102fc3
 22155 | Swamp:4  | Identified the +6 war axe of Cowardice {protect, rN+ Will-
                  | Str+2 Dex+3}
 22162 | Swamp:4  | Paralysed by a hornet for 3 turns
 22258 | Swamp:4  | Got a decaying rune of Zot
 22526 | Spider:1 | Entered Level 1 of the Spider Nest
 22534 | Spider:1 | Noticed Jorgrun
 22549 | Spider:1 | HP: 8/208 [Jorgrun/+0 heavy quarterstaff (7)]
 22550 | Spider:1 | HP: 3/208 [jumping spider (6)]
 22551 | Spider:1 | Killed from afar by Jorgrun

Illustrated notes

Levels and vault maps discovered:
D:1:      lemuel_arrival_broad_hall, layout_basic, item_on_display_a
D:2:      layout_rooms, kennysheep_generic_room_9
D:3:      layout_loops_ring, chequers_serial_rivers_marsh, minmay_statues_item,
          uniq_crazy_yiuf_cottage, uniq_ijyb
D:4:      layout_loops_ring, mainiacjoe_overflow_divided_tiny,
          minmay_temple_entry_mist, ebering_ghost_disaster_area,
          dreamdust_princess_bridge, grunt_decor_cap,
          hangedman_decor_clover_reticule, corexii_shack
D:5:      layout_basic, vehumet_altar_wand_db, grunt_qazlal_sundering,
          uniq_eustachio
D:6:      layout_basic, uniq_pikel
D:7:      layout_rooms, uniq_joseph, uniq_maggie
D:8:      layout_loops_ring, serial_rivers, chequers_serial_rivers_micro_d,
          chequers_serial_rivers_micro_c, chequers_serial_rivers_micro_c,
          chequers_serial_rivers_small_b, hellmonk_ghost_happy_afterlife
D:9:      layout_loops_cross, grunt_temple_overflow_open, hiddenorc1_lemuel,
          enter_bailey_2
D:10:     layout_small_grid, david_lair_generic, grunt_ministairs_3
D:11:     layout_gridville
Temple:   nicolae_temple_superstar
Lair:1:   layout_regular_city, minivault_23, chequers_serial_rivers_small_b,
          beast_lair_carwin_6, grunt_megastairs_3, serial_bayou_shore_b,
          uniq_amaemon, uniq_sonja
Lair:2:   layout_loops_ring, spider_nest_entry_rubble, serial_bayou_shore_a,
          grunt_megastairs_4
Lair:3:   layout_chaotic_city, swamp_mist_pool, gauntlet_entry_generic
Lair:4:   layout_small_grid, nicolae_slime_entry_slimehenge
Lair:5:   minmay_lair_end_frog_pond, layout_regular_city,
          gammafunk_ghost_necromancy, serial_bayou_pond_e
Swamp:1:  nicolae_swamp_flooded_prison, layout_basic_swamp,
          evilmike_swamp_ruin_house_5, uniq_aizul
Swamp:2:  nicolae_swamp_long_stream, layout_basic_swamp,
          evilmike_swamp_ruin_rubble_1
Swamp:3:  layout_basic_swamp, nicolae_swamp_feature_on_the_river_bank
Swamp:4:  swamp_basic_johnstein, layout_basic_swamp
Spider:1: layout_spider_delve, uniq_jorgrun
Orc:1:    layout_diamond_mine
Orc:2:    pubby_orc_utopia, serial_shops

Skill      XL: |  1  2  3  4  5  6  7  8  9 10 11 12 13 14 15 16 |
---------------+-------------------------------------------------+-----
Axes           | 3 4 5 6 8 9 11 12 13 14 15 16 | 16.8
Shields        | 1 4 6 8 9 10 11 | 11.4
Fighting       | 5 7 10 12 13 15 16 | 16.3
Armour         | 2 5 6 7 |  7.1
Dodging        | 2 5 6 7 |  7.1
Evocations     | 1 4 6 7 |  7.2
Shapeshifting  | 4 7 8 |  8.5

Action                     |  1- 3 |  4- 6 |  7- 9 | 10-12 | 13-15 | 16-18 || total
---------------------------+-------+-------+-------+-------+-------+-------++-------
  Melee: Hand axe          |   105 |   145 |    65 |       |       |       ||   315
         Punch             |     4 |     1 |     1 |     3 |       |       ||     9
         War axe           |       |       |   169 |   176 |       |       ||   345
         Battleaxe         |       |       |       |   234 |    12 |       ||   246
         Broad axe         |       |       |       |    69 |  1014 |   138 ||  1221
 Invoke: Berserk           |     2 |     4 |     4 |    11 |    25 |     9 ||    55
         Trog's Hand       |       |     1 |       |     3 |     1 |       ||     5
         Brothers in Arms  |       |       |       |     1 |     2 |       ||     3
    Use: Scroll            |       |       |       |    10 |    15 |     4 ||    29
         Potion            |       |       |       |       |     4 |       ||     4
   Stab: Distracted        |       |       |       |       |     2 |       ||     2
 Armour: Chain mail        |    67 |    71 |       |       |       |       ||   138
         Animal skin       |     6 |       |       |       |       |       ||     6
         Ring mail         |       |    20 |   157 |   329 |     8 |       ||   514
         Storm dragon scal |       |       |       |       |   220 |       ||   220
         Plate armour      |       |       |       |       |   435 |       ||   435
         Swamp dragon scal |       |       |       |       |    67 |   235 ||   302
  Dodge: Dodged            |    53 |    38 |   108 |   282 |   594 |   231 ||  1306
  Block: Other             |    19 |    18 |    16 |       |       |       ||    53
         Kite shield       |       |       |       |       |   617 |   143 ||   760

Table legend: (Time is in decaauts)
 A = Elapsed time spent in this place.
 B = Non-inter-level travel time spent in this place.
 C = Inter-level travel time spent in this place.
 D = Time resting spent in this place.
 E = Time spent auto-exploring this place.
 F = Levels seen in this place.
 G = Mean time per level.
                   A        B        C        D        E       F      G
               +--------+--------+--------+--------+--------+-----+--------+
         Total |  23110 |  21928 |   1182 |   3523 |  13966 |  26 |  888.8 |
       Dungeon |   9909 |   9321 |    588 |   1335 |   6595 |  11 |  900.8 |
        Temple |      1 |      1 |      0 |      0 |      0 |   1 |    1.0 |
          Lair |   5057 |   4784 |    273 |    291 |   3583 |   5 | 1011.4 |
         Swamp |   4331 |   4126 |    205 |   1301 |   1794 |   4 | 1082.8 |
   Spider Nest |     27 |     27 |      0 |      0 |      0 |   1 |   27.0 |
  Orcish Mines |   2443 |   2329 |    114 |    357 |   1433 |   2 | 1221.5 |
        Bailey |    749 |    749 |      0 |     42 |    507 |   1 |  749.0 |
      Gauntlet |    589 |    589 |      0 |    195 |     53 |   1 |  589.0 |
               +--------+--------+--------+--------+--------+-----+--------+

Top non-repeatable levels by time:
   Orc:2: 2025 daAuts
 Swamp:4: 1649 daAuts
     D:4: 1464 daAuts
 Swamp:1: 1412 daAuts
     D:6: 1319 daAuts
  Lair:5: 1245 daAuts
     D:8: 1167 daAuts
  Lair:2: 1129 daAuts
  Lair:3: 993 daAuts
     D:9: 941 daAuts
  Lair:1: 900 daAuts
     D:3: 870 daAuts
    D:11: 870 daAuts
    D:10: 818 daAuts
     D:5: 816 daAuts
